 Dungeon Crawl Stone Soup version 0.30.1-3-gfc49f6343a (webtiles) character file.

Game seed: 15827860866132881216

25 Peloso the Shield-Bearer (level 2, 27/27 HPs)
             Began as a Minotaur Fighter on Aug 1, 2023.
             Got out of the dungeon alive.
             The game lasted 00:01:19 (343 turns).

Peloso the Shield-Bearer (Minotaur Fighter)          Turns: 343, Time: 00:01:20

Health: 27/27      AC:  8    Str: 20    XL:     2   Next: 82%
Magic:  1/1        EV:  9    Int:  5    God:
Gold:   7          SH:  4    Dex:  9    Spells: 1/1 levels left

rFire   . . .        a - +0 long sword
rCold   . . .        d - +0 buckler
rNeg    . . .        b - +0 scale mail
rPois   .            (helmet restricted)
rElec   .            c - +0 cloak
rCorr   .            (no gloves)
SInv    .            (no boots)
Will    .....        (no amulet) Stlth
                     (no ring)
HPRegen 0.24/turn    (no ring)
MPRegen 0.07/turn

%: no passive effects
@: no status effects
A: horns 2, retaliatory headbutt, wild magic 1, inability to drink after injury
1, inability to read after injury 1
a: no special abilities


You escaped.
You visited 1 branch of the dungeon, and saw 1 of its levels.

You collected 7 gold pieces.

Inventory:

Hand Weapons
 a - a +0 long sword (weapon)
Armour
 b - a +0 scale mail (worn)
 c - a +0 cloak (worn)
 d - a +0 buckler (worn)
Potions
 f - a potion of might


   Skills:
 + Level 3.9 Fighting
 + Level 2.8 Long Blades
 + Level 4.1 Armour
 + Level 4.1 Shields


You had one spell level left.
You didn't know any spells.
Your spell library was empty.

Dungeon Overview and Level Annotations

Branches:
Dungeon (1/15)

Altars:


Innate Abilities, Weirdness & Mutations

You have a pair of horns on your head.
You reflexively headbutt those who attack you in melee.
Your spells are a little harder to cast, but a little more powerful.
You occasionally lose the ability to drink potions when taking damage.
You occasionally lose the ability to read scrolls when taking damage.


Message History

You start putting on your armour.
You continue putting on your +0 cloak. x4
You finish putting on your +0 cloak.
You start putting on your armour.
You continue putting on your +0 buckler. x4
You finish putting on your +0 buckler.
It was a potion of mutation.
You feel extremely strange.
You feel a hidden malignance growing inside you.
Really quaff the potion of mutation?
You feel extremely strange.
You no longer feel a malignance within.
You occasionally lose the ability to read scrolls when taking damage.
You occasionally lose the ability to drink potions when taking damage.
You feel less in control of your magic.
There are no items here.
You drop a potion of might.
Unknown command.
f - a potion of might You drop a potion of might.
Number of times to repeat, then command key: You must enter the number of times for the command to repeat.
f - a potion of might Unknown command.
You have nothing you can fire or use right now.
Unknown command.
(D) Dungeon
Where to? (? - help)
What level of the Dungeon? (default 1, ? - help)
You see here 6 stones.
A goblin comes into view. It is wielding a +0 club.
The goblin shouts!
There is an open door here.
You see here 2 stones.
You see here a stone.
There is an open door here.
You see here a stone.
There is a staircase leading out of the dungeon here.
Are you sure you want to leave the Dungeon?
This will make you lose the game!
Alright, then stay!
Are you sure you want to leave the Dungeon?
This will make you lose the game!
You have escaped!

#######........###.#
###(((.(###...)..# #.#
##..(.(((..##.)...###.#
+.(.((8(.(..'.###......
#(..((((.(##.........#
###(.(.(####..##.##..#
###g### #g.##.##..#
##..(..## #..##.##..#
#...@...# #..........
##.....## #.###.##.#.
####### ... ..##.#.
#.#. #.#.


You could see a goblin.

Vanquished Creatures
  A dart slug (D:1)
  3 bats (D:1)
  An endoplasm (D:1)
  5 goblins (D:1)
  3 hobgoblins (D:1)
  2 kobolds (D:1)
  A quokka (D:1)
  A ball python (D:1)
  2 rats (D:1)
19 creatures vanquished.

Notes
Turn   | Place    | Note
-------+----------+-------------------------------------------
     0 | D:1      | Peloso the Minotaur Fighter began the quest for the Orb.
     0 | D:1      | Reached XP level 1. HP: 19/19 MP: 0/0
    76 | D:1      | Reached XP level 2. HP: 27/27 MP: 1/1
   291 | D:1      | Gained mutation: You have hidden genetic defects. [potion
                  | of mutation]
   292 | D:1      | Lost mutation: You have hidden genetic defects. [potion of
                  | mutation]
   292 | D:1      | Gained mutation: You occasionally lose the ability to read
                  | scrolls when taking damage. [potion of mutation]
   292 | D:1      | Gained mutation: You occasionally lose the ability to drink
                  | potions when taking damage. [potion of mutation]
   292 | D:1      | Gained mutation: Your spells are a little harder to cast,
                  | but a little more powerful. [potion of mutation]
   343 | D:$      | Got out of the dungeon alive.

Illustrated notes

Levels and vault maps discovered:
D:1:      minmay_arrival_shattered_statue, layout_loops_ring,
          minmay_pentomino_w2

Skill      XL: |  1  2 |
---------------+-------+-----
Shields        | 4 |  4.1
Armour         | 4 |  4.1
Fighting       | |  3.9
Long Blades    | |  2.8

Action                     || total
---------------------------++-------
  Melee: Long sword        ||    34
         Headbutt          ||     3
    Use: Potion            ||     3
 Armour: Scale mail        ||    24
  Dodge: Dodged            ||    20
  Block: Buckler           ||    14
